Map: Sequencer LE

Players

TLO - Winner!

  • Race: Zerg Zerg
  • Spawn Location: 7:00

Neeb

  • Race: Protoss Protoss
  • Spawn Location: 1:00

Event: WCS Valencia 2017

VOD

Have the link to the VOD?

Description

Time

  • Played on: July 13, 2017, 1:50 p.m.
  • Length: 7:53

All games in this series

Show
View Real Time Build Order
Export as new Build Order

TLO Zerg - Winner!

Build Orders: Hatch First 

Get SALT Encoding   

  12  0:00  Drone  
  13  0:13  Overlord  
  13  0:17  Drone  
  14  0:31  Drone x2  
  16  0:49  Hatchery  
  15  0:52  Drone  
  15  0:55  Drone  
  17  1:10  Spawning Pool  
  16  1:13  Drone  
  16  1:16  Drone  
  18  1:19  Drone  
  19  1:30  Drone  
  20  1:39  Extractor, Overlord  
  19  1:56  Queen  
  19  1:57  Zergling x2  
  19  2:01  Queen, Zergling x2  
  23  2:02  Drone  
  26  2:13  Drone x2  
  28  2:23  Drone  
  28  2:24  Drone  
  30  2:35  Hatchery  
  29  2:38  Drone  
  30  2:45  Queen  
  30  2:48  Zergling x2  
  33  2:53  Overlord  
  33  2:57  Drone  
  34  3:00  Drone x2  
  36  3:11  Drone  
  36  3:13  Drone x2  
  36  3:14  Drone x2  
  36  3:19  Drone  
  41  3:24  Metabolic Boost  
  41  3:26  Drone  
  40  3:27  Overlord  
  40  3:35  Spore Crawler  
  40  3:36  Spore Crawler  
  40  3:37  Drone  
  40  3:39  Drone  
  40  3:40  Drone  
  41  3:42  Zergling x2  
  41  3:43  Zergling x2  
  41  3:48  Drone  
  44  3:49  Spore Crawler, Drone  
  44  3:52  Drone  
  44  3:54  Drone x2  
  47  3:57  Drone  
  47  3:59  Drone  
  47  4:00  Drone  
  50  4:03  Drone  
  50  4:07  Drone  
  50  4:09  Extractor, Drone  
  52  4:10  Drone  
  52  4:11  Drone  
  52  4:13  Zergling x2  
  55  4:17  Lair  
  55  4:19  Drone  
  55  4:20  Zergling x2  
  57  4:24  Overlord  
  57  4:29  Overlord  
  57  4:32  Extractor  
  57  4:33  Extractor, Overlord  
  57  4:36  Zergling x4  
  57  4:38  Overlord  
  57  4:44  Drone x2  
  57  4:45  Zergling x10  
  64  4:47  Zergling x2  
  64  4:48  Zergling x2  
  64  4:51  Zergling x2  
  67  4:56  Drone  
  68  5:01  Drone  
  68  5:06  Drone x2  
  72  5:07  Drone x3  
  72  5:08  Drone  
  75  5:19  Hydralisk Den  
  71  5:26  Queen  
  71  5:27  Drone  
  69  5:39  Hatchery  
  68  5:48  Hydralisk x10  
  85  5:52  Muscular Augments  
  85  5:56  Overlord x2  
  82  6:05  Zergling x2  
  82  6:07  Overlord  
  79  6:11  Hydralisk  
  79  6:13  Zergling x2  
  79  6:14  Overseer  
  79  6:15  Hydralisk x2, Overlord  
  79  6:17  Zergling x4  
  88  6:19  Zergling x4  
  91  6:25  Zergling x2  
  91  6:26  Zergling x2  
  91  6:27  Zergling x2  
  91  6:28  Hydralisk, Zergling x2  
  91  6:30  Zergling x2  
  97  6:33  Hydralisk  
  97  6:39  Hydralisk x2  
  99  6:40  Hydralisk  
  99  6:43  Overlord  
  99  6:46  Zergling x4  
  107  6:49  Zergling x4  
  107  6:50  Zergling x2  
  109  6:54  Hydralisk x2  
  109  6:57  Hydralisk  
  115  7:02  Hydralisk  
  115  7:05  Hydralisk  
  115  7:06  Hydralisk  
  115  7:08  Zergling x2  
  115  7:09  Zergling x2  
  115  7:10  Zergling x2  
  115  7:12  Zergling x2  
  115  7:14  Zergling x2  
  117  7:16  Zergling x2  
  117  7:17  Zergling x2  
  117  7:18  Zergling x2  
  117  7:19  Zergling x2  
  117  7:20  Zergling x2  
  117  7:21  Zergling x2  
  120  7:24  Hydralisk  
  120  7:26  Zergling x2  
  120  7:27  Zergling x2  
  117  7:31  Zergling x2  
  117  7:33  Zergling x2  
  117  7:34  Zergling x2  
Show
View Real Time Build Order
Export as new Build Order

Neeb Protoss 

Build Orders: 1 Gate Expand, Oracle Opening 

Get SALT Encoding   

  12  0:00  Probe (Chrono Boost)  
  13  0:11  Probe (Chrono Boost)  
  14  0:19  Pylon  
  14  0:22  Probe (Chrono Boost)  
  15  0:37  Probe (Chrono Boost)  
  15  0:40  Gateway  
  16  0:48  Probe (Chrono Boost), Assimilator  
  17  0:58  Probe (Chrono Boost)  
  18  1:09  Probe (Chrono Boost)  
  19  1:21  Nexus  
  19  1:26  Probe (Chrono Boost)  
  20  1:34  Cybernetics Core  
  20  1:38  Probe (Chrono Boost)  
  21  1:42  Assimilator  
  21  1:48  Probe (Chrono Boost)  
  21  1:53  Pylon  
  22  1:59  Probe (Chrono Boost)  
  22  2:09  Probe (Chrono Boost)  
  22  2:11  Warp Gate, Adept (Chrono Boost)  
  25  2:21  Probe  
  26  2:31  Probe  
  26  2:33  Probe  
  26  2:34  Stargate  
  28  2:39  Adept (Chrono Boost)  
  28  2:42  Probe  
  31  2:45  Probe  
  32  2:52  Probe  
  32  2:57  Probe  
  34  3:03  Probe  
  34  3:04  Adept (Chrono Boost)  
  37  3:10  Probe  
  37  3:11  Gateway  
  38  3:14  Probe  
  38  3:16  Gateway  
  39  3:21  Oracle (Chrono Boost)  
  39  3:25  Probe x2  
  44  3:30  Pylon  
  44  3:36  Probe  
  44  3:37  Probe  
  44  3:38  Pylon  
  46  3:46  Probe  
  47  3:49  Probe  
  47  3:54  Oracle (Chrono Boost)  
  51  3:57  Probe  
  51  4:01  Probe  
  53  4:06  Nexus  
  53  4:08  Probe  
  53  4:09  Pylon  
  53  4:13  Mothership Core  
  56  4:24  Adept x3  
  62  4:30  Probe, Phoenix (Chrono Boost)  
  64  4:35  Probe  
  66  4:39  Assimilator  
  66  4:40  Probe, Assimilator  
  66  4:41  Pylon  
  67  4:47  Probe  
  67  4:48  Robotics Facility  
  67  4:51  Probe  
  68  4:59  Probe  
  70  5:01  Probe  
  71  5:11  Probe, Pylon  
  71  5:12  Probe  
  73  5:18  Probe  
  74  5:23  Probe x2  
  66  5:29  Forge, Probe, Twilight Council  
  66  5:33  Probe  
  66  5:35  Probe, Sentry x2  
  73  5:36  Sentry, Warp Prism  
  73  5:39  Probe  
  73  5:42  Gateway  
  78  5:44  Probe  
  78  5:47  Probe  
  78  5:48  Gateway  
  80  5:50  Probe  
  80  5:54  Probe  
  80  5:56  Charge  
  82  5:58  Zealot x2  
  82  5:59  Probe  
  82  6:00  Zealot, Probe  
  90  6:05  Probe  
  90  6:07  Protoss Ground Weapons Level 1 (Chrono Boost)  
  89  6:11  Probe  
  89  6:12  Probe, Assimilator  
  89  6:16  Probe, Assimilator  
  89  6:18  Templar Archives  
  93  6:19  Immortal (Chrono Boost)  
  93  6:23  Pylon, Probe  
  97  6:30  Sentry  
  97  6:31  Zealot  
  101  6:33  Pylon  
  101  6:36  Pylon  
  101  6:37  Gateway  
  101  6:38  Gateway  
  101  6:44  Sentry, Assimilator  
  101  6:45  Zealot, Pylon  
  105  6:47  Pylon  
  105  6:53  Pylon, Immortal  
  103  6:55  Pylon  
  103  7:00  Pylon  
  107  7:04  Stalker x2  
  102  7:12  Zealot x2  
  77  7:30  Zealot x2  
  77  7:32  Probe x2  
  70  7:39  Zealot x4  
  64  7:48  Pylon  
Tags
 
Add a new tag
Caveats
  • Supply blocks, unpowered buildings, or Contaminate may cause inaccurate times.
  • Supply counts are checked every 10 seconds.